 Dungeon Crawl Stone Soup version 0.28.0-45-g0d030f2227 (webtiles) character file.

Game seed: 4002238914349177095

103 Descartes the Ruffian (level 4, -4/44 HPs)
             Began as a Troll Delver on Apr 13, 2022.
             Killed from afar by an orc wizard (8 damage)
             ... with a puff of flame
             ... on level 5 of the Dungeon.
             The game lasted 00:00:56 (180 turns).

Descartes the Ruffian (Troll Delver)                 Turns: 180, Time: 00:00:57

Health: -4/44      AC:  4    Str: 20    XL:     4   Next: 51%
Magic:  3/3        EV:  9    Int:  8    God:
Gold:   0          SH:  0    Dex: 11    Spells: 3/3 levels left

rFire   . . .      SeeInvis .     - Unarmed
rCold   . . .      Faith    .   (no shield)
rNeg    . . .      Spirit   .   a - +0 robe
rPois   .          Reflect  .   (helmet restricted)
rElec   .          Harm     .   (no cloak)
rCorr   .          Rampage  .   (gloves unavailable)
Will    .....                   (boots unavailable)
Stlth   ++........              (no amulet)
HPRegen 0.94/turn               (no ring)
MPRegen 0.08/turn               (no ring)

@: no status effects
A: large, unfitting armour, claws 3, regeneration 1, shaggy fur 1, tough skin 1
a: no special abilities


You were on level 5 of the Dungeon.
You visited 1 branch of the dungeon, and saw 1 of its levels.

Inventory:

Missiles
 g - 28 stones (quivered)
Armour
 a - a +0 robe (worn)
Wands
 f - a wand of digging (3)
Scrolls
 b - a scroll of fog
 c - a scroll of magic mapping
 d - a scroll of fear
Potions
 e - 2 potions of haste


   Skills:
 - Level 2.4 Fighting
 - Level 1.5 Dodging
 - Level 2.7 Stealth
 + Level 3.6 Unarmed Combat
 + Level 2.1 Transmutations


You had 3 spell levels left.
You didn't know any spells.
Your spell library contained the following spells:

 Spells                   Type           Power      Damage    Failure   Level
 Leda's Liquefaction      Hex/Erth       0%         N/A       99%         4
 Lee's Rapid Deconstruct  Erth           0%         3d5*      100%        5
 Statue Form              Tmut/Erth      0%         N/A       100%        6


Dungeon Overview and Level Annotations

Branches:
Dungeon (5/15)
 Temple: D:4-7

Altars:


Innate Abilities, Weirdness & Mutations

You are too large for most types of armour.
You have claws for hands.
Your natural rate of healing is unusually fast.
You are covered in fur. (AC +1)
You have tough skin. (AC +1)


Message History

Deactivating autopickup; reactivate with Ctrl-A.
The phantom hits you!
* * * LOW HITPOINT WARNING * * *
An orc comes into view. It is wielding a +1 flail of draining.
Found three maces.
The orc throws a boomerang.
You hear some strange, mumbled words.
A magic dart appears from out of thin air!
The magic dart hits you.
* * * LOW HITPOINT WARNING * * *
You closely miss the phantom.
An orc comes into view. It is wielding a +0 hand axe.
The phantom hits you.
* * * LOW HITPOINT WARNING * * *
The orc closely misses you.
An orc comes into view. It is wielding a +0 whip.
The orc throws a boomerang.
The boomerang barely misses you. The orc closely misses you.
Found a scroll labelled XOKUWU TIMNOALYGO.
A dart slug and 2 kobolds come into view.
You scratch the dart slug.
The dart slug is heavily wounded.
The phantom hits you.
The orc hits you from afar with a +0 trident.
* * * LOW HITPOINT WARNING * * *
The sentinel's mark upon you fades away.
The phantom hits you!
* * * LOW HITPOINT WARNING * * *
The orc hits you from afar with a +0 trident.
* * * LOW HITPOINT WARNING * * *
An orc wizard appears from thin air!
Reactivating autopickup.
The orc wizard gestures at you while chanting.
The magic dart hits you!
* * * LOW HITPOINT WARNING * * *
The orc wizard gestures at you while chanting.
You resist with some effort. The phantom closely misses you.
The orc misses you.
The orc wizard points at you and mumbles some strange words.
The puff of flame hits you!
You die...

....# ♣♣)♣♣ ....# ♣♣..)♣
#.### ♣....♣ #...#
#....# ##### #....# #
###...# # ##....o######
#####..###.##...###.###.
..†...o# #.##...@.......
#.###.o###ooo..W###.###.
...###o....##.o## ...#
####o###..## ..?#
#o#..K..### ...#
#o#w......# .o.#
#.#oK...#.# ...#
#K......#.#
...?.....##...#.# #


You could see a phantom, an orc wizard, a dart slug, 4 orcs and 2 kobolds.

Vanquished Creatures
  A black bear (D:5)
  A hound skeleton (D:5)
  A dart slug (D:5)
3 creatures vanquished.

Notes
Turn   | Place    | Note
-------+----------+-------------------------------------------
     0 | D:5      | Descartes the Troll Delver began the quest for the Orb.
     0 | D:5      | Reached XP level 1. HP: 22/22 MP: 0/0
    74 | D:5      | Reached XP level 2. HP: 29/29 MP: 1/1
   139 | D:5      | Noticed a black bear
   142 | D:5      | Noticed a phantom
   147 | D:5      | Killed a black bear
   148 | D:5      | Reached skill level 3 in Unarmed Combat
   148 | D:5      | Reached XP level 3. HP: 10/36 MP: 2/2
   148 | D:5      | Reached XP level 4. HP: 12/44 MP: 3/3
   178 | D:5      | HP: 2/44 [orc wizard/magic dart (7)]
   180 | D:5      | Killed from afar by an orc wizard

Illustrated notes

Levels and vault maps discovered:
D:5:      layout_loops_cross, gammafunk_ghost_cemetery, uniq_crazy_yiuf_cottage

Skill      XL: |  1  2 |
---------------+-------+-----
Unarmed Combat | 3 |  3.6
Transmutations | 2 |  2.1
Fighting       | |  2.4
Dodging        | |  1.5
Stealth        | |  2.7

Action                   |  1- 3 |  4- 6 || total
-------------------------+-------+-------++-------
Melee: Unarmed           |     8 |     5 ||    13
       Punch             |     2 |       ||     2
Armor: Robe              |     4 |       ||     4
Dodge: Dodged            |     8 |     9 ||    17
